 Dungeon Crawl Stone Soup version 0.26.0-18-gc5c842f807 (webtiles) character file.

Game seed: 15481070183058398403

88 Gauvater the Firebug (level 4, -6/27 HPs)
             Began as an Octopode Fire Elementalist on Jan 22, 2021.
             Killed by divine providence
             ... invoked by an orc priest
              (8 damage)
             ... on level 3 of the Dungeon.
             The game lasted 00:12:41 (3210 turns).

Gauvater the Firebug (Octopode Fire Elementalist)   Turns: 3210, Time: 00:12:50

Health: -6/27      AC:  1    Str:  7    XL:     4   Next: 54%
Magic:  2/8        EV: 17    Int: 18    God:
Gold:   195        SH:  0    Dex: 12    Spells: 7/8 levels left

rFire    + . .     SeeInvis .   (no weapon)
rCold    . . .     Faith    +   (no shield)
rNeg     . . .     Spirit   .   (helmet restricted)
rPois    .         Reflect  .   g - amulet of faith
rElec    .         Harm     .   m - +4 ring of evasion
rCorr    .         Rampage  .   o - ring of protection from fire
Will     .....                  (no ring)
Stlth    +++.......             (no ring)
HPRegen  0.09/turn              (no ring)
MPRegen  0.11/turn              (no ring)
                                (no ring)
                                (no ring)

@: lethally poisoned (-6 -> -7)
A: almost no armour, stealthy swim, amphibious, 8 rings, constrict 8, camouflage
1, gelatinous body 1
a: no special abilities


You were on level 3 of the Dungeon.
You visited 1 branch of the dungeon, and saw 3 of its levels.

You collected 195 gold pieces.

Inventory:

Hand Weapons
 h - a +1 short sword of distortion
Missiles
 a - 17 sling bullets
 b - 46 bolts
 n - 146 stones
Jewellery
 g - an amulet of faith (around mantle)
 m - a +4 ring of evasion (left tentacle)
 o - a ring of protection from fire (right tentacle)
Scrolls
 e - a scroll of teleportation {unknown}
 i - a scroll of fog {unknown}
 k - a scroll of magic mapping {unknown}
 q - a scroll of amnesia {unknown}
Potions
 d - a potion of mutation {unknown}
 j - 3 potions of brilliance {unknown}
 l - a potion of curing {unknown}
 p - a potion of berserk rage {unknown}


   Skills:
 + Level 0.1 Fighting
 + Level 2.3 Dodging
 + Level 3.5 Stealth
 + Level 2.8 Spellcasting
 + Level 1.6 Conjurations
 + Level 3.8 Fire Magic


You had 7 spell levels left.
You knew the following spells:

 Your Spells              Type           Power        Failure   Level
a - Foxfire               Conj/Fire      48%          5%          1

Your spell library contained the following spells:

 Spells                   Type           Power        Failure   Level
 Conjure Flame            Conj/Fire      12%          16%         3
 Inner Flame              Hex/Fire       9%           22%         3
 Sticky Flame             Conj/Fire      12%          47%         4
 Fireball                 Conj/Fire      6%           83%         5


Dungeon Overview and Level Annotations

Branches:
Dungeon (3/15)

Altars:
Dithmenos
Fedhas
Okawaru


Innate Abilities, Weirdness & Mutations

You cannot wear most types of armour.
You are very stealthy in the water. (Stealth+)
You are amphibious.
You can wear up to eight rings at the same time.
You can use your tentacles to constrict eight enemies at once.
Your skin changes colour to match your surroundings (Stealth+).
Your rubbery body absorbs attacks. (AC +1, EV +1)


Message History

You conjure some foxfire!
The adder closely misses you.
The foxfire hits the adder.
You kill the adder!
The foxfire hits the orc priest.
The orc priest is moderately wounded.
You feel sick.
You feel sick.
The orc priest calls down the wrath of Beogh upon you.
Pain shoots through your body!
* * * LOW HITPOINT WARNING * * *
Casting: Foxfire (safe; 5% risk of failure)
Confirm with . or Enter, or press ? or * to list all spells.
You conjure some foxfire!
The foxfire hits the orc priest.
The orc priest is severely wounded.
The foxfire hits the orc priest.
The orc priest is almost dead.
The orc priest mumbles some strange prayers to Beogh against you.
Beogh smites you!
You die...

###### ###....
#.....# ###
#####.#.#)#### #..
.......†)<.... #.#
####.#.#.###.
##.#######.^...#
#..............#
#§@#########.#.# #..#
#.#.# ###########.o#
#.#.# #............#
#.#.# #.##########.#
#.. #.# ###.### ###
#.########.....###
#................#
##.########..........


You could see an orc priest.

Vanquished Creatures
  3 adders
  An ooze (D:3)
  A worm (D:2)
  A dart slug (D:1)
  A leopard gecko (D:1)
  4 orcs
  5 bats
  2 giant cockroaches (D:1)
  6 goblins (D:1)
  9 hobgoblins
  3 jackals
  4 kobolds
  4 rats
44 creatures vanquished.

Vanquished Creatures (others)
  118 foxfires
118 creatures vanquished.

Grand Total: 162 creatures vanquished

Notes
Turn   | Place    | Note
-------+----------+-------------------------------------------
     0 | D:1      | Gauvater the Octopode Fire Elementalist began the quest for
                  | the Orb.
     0 | D:1      | Reached XP level 1. HP: 11/11 MP: 3/3
   327 | D:1      | Reached XP level 2. HP: 17/17 MP: 1/5
  1157 | D:2      | Reached XP level 3. HP: 15/21 MP: 1/6
  1354 | D:2      | Found a blossoming altar of Fedhas.
  1663 | D:2      | Found a shadowy altar of Dithmenos.
  1666 | D:2      | Found an iron altar of Okawaru.
  2975 | D:3      | Reached XP level 4. HP: 27/27 MP: 5/7
  3180 | D:3      | HP: 1/27 [adder (3)]
  3210 | D:3      | Killed from afar by an orc priest

Illustrated notes

Levels and vault maps discovered:
D:1:      dpeg_arrival_tiny_h, layout_loops_cross
D:2:      layout_rooms, overflow_temple_1_default,
          chequers_temple_overflow_statue_of_worship, wad_floor_pattern_1
D:3:      layout_loops_ring, general_overflow_altar, fiery_altar_vehumet,
          uniq_sigmund

Skill      XL: |  1  2 |
---------------+-------+-----
Stealth        | 3 |  3.5
Fighting       | |  0.1
Dodging        | |  2.3
Spellcasting   | |  2.8
Conjurations   | |  1.6
Fire Magic     | |  3.8

Action                   |  1- 3 |  4- 6 || total
-------------------------+-------+-------++-------
Melee: Unarmed           |    14 |     1 ||    15
       Tentacles         |     5 |     1 ||     6
       Constrict         |     3 |     1 ||     4
 Cast: Foxfire           |    55 |    14 ||    69
  Use: Scroll            |     2 |     1 ||     3
       Potion            |       |     1 ||     1
 Stab: Sleeping          |     3 |       ||     3
Armor: Skin              |     7 |       ||     7
Dodge: Dodged            |    40 |    14 ||    54
